 Dungeon Crawl Stone Soup version 0.29.0-7-g18a832c13a (webtiles) character file.

Game seed: 2357051232559305005

429 concernfroge the Trooper (level 6, -1/55 HPs)
             Began as a Mummy Monk on Aug 31, 2022.
             Killed by divine providence
             ... invoked by an orc priest
              (13 damage)
             ... on level 4 of the Dungeon.
             The game lasted 00:15:11 (4138 turns).

concernfroge the Trooper (Mummy Monk)               Turns: 4138, Time: 00:15:11

Health: -1/55      AC:  9    Str: 16    XL:     6   Next: 66%
Magic:  6/6        EV: 10    Int: 10    God:
Gold:   185        SH:  0    Dex: 14    Spells: 5/5 levels left

rFire   . . .      SeeInvis .   b - +0 war axe
rCold   + . .      Faith    .   (no shield)
rNeg    + + +      Spirit   .   m - +0 scale mail
rPois   ∞          Reflect  .   l - +1 helmet
rElec   .          Harm     .   i - +0 cloak
rCorr   .          Rampage  .   (no gloves)
Will    +....                   (no boots)
Stlth   ..........              (no amulet)
HPRegen 0.18/turn               g - ring of willpower
MPRegen 0.10/turn               d - ring of protection from fire

@: no status effects
A: cold resistance 1, negative energy resistance 3, torment resistance 2, heat
vulnerability 1, in touch with death 1, no potions
a: no special abilities


You were on level 4 of the Dungeon.
You visited 1 branch of the dungeon, and saw 4 of its levels.

You collected 185 gold pieces.

Inventory:

Hand Weapons
 b - a +0 war axe (weapon)
Armour
 i - a +0 cloak (worn)
 l - a +1 helmet (worn)
 m - a +0 scale mail (worn)
Jewellery
 d - a ring of protection from fire (right hand)
 g - a ring of willpower (left hand)
Scrolls
 e - a scroll of silence
 f - a scroll of noise
 j - a scroll of immolation
 k - a scroll of enchant weapon


   Skills:
 + Level 7.6 Fighting
 - Level 2.4 Polearms
 - Level 2.4 Dodging
 - Level 1.5 Stealth


You had 5 spell levels left.
You didn't know any spells.
Your spell library contained the following spells:

 Spells                   Type           Power      Damage    Failure   Level
 Magic Dart               Conj           0%         1d3       82%         1
 Call Imp                 Summ           0%         N/A       91%         2
 Poisonous Vapours        Pois/Air       0%         N/A       91%         2
 Mephitic Cloud           Conj/Pois/Air  0%         N/A       99%         3
 Corpse Rot               Necr/Pois/Air  0%         N/A       100%        4


Dungeon Overview and Level Annotations

Branches:
Dungeon (4/15)
 Temple: D:4-7

Altars:
Wu Jian

Shops:
D:3 =


Innate Abilities, Weirdness & Mutations

You are immune to poison.
Your flesh is cold resistant. (rC+)
You are immune to negative energy. (rN+++)
You are immune to unholy pain and torment.
You are vulnerable to heat. (rF-)
You are in touch with the powers of death.
You do not drink.


Message History

You slash the orc priest!
You kill the orc priest!
The orc closely misses you. x2
You completely miss the orc. The orc barely misses you.
The orc hits you from afar with a +0 trident.
You slash the orc!
You kill the orc!
The orc hits you but does no damage. The orc closely misses you.
Items here: ))) [[ ††.
You barely miss the orc. The orc hits you with a +0 trident. x2
You hit the orc.
The orc is heavily wounded.
The orc hits you with a +0 trident.
You hit the orc.
The orc is almost dead.
The orc closely misses you. The orc hits you with a +0 trident!
You hit the orc.
You kill the orc!
You barely miss the orc priest.
The orc priest looks encouraged for a moment.
The orc priest calls down the wrath of Beogh upon you.
Beogh smites you!
* * * LOW HITPOINT WARNING * * *
You are too injured to fight recklessly!
As you read the scroll of torment, it crumbles to dust.
You feel a surge of unholy energy.
The orc priest convulses!
The orc priest hits you but does no damage.
You hit the orc priest but do no damage.
The orc priest is heavily wounded.
The orc priest hits you but does no damage.
You barely miss the orc priest.
The orc priest is heavily wounded.
The orc priest hits you with a +0 dagger.
* * * LOW HITPOINT WARNING * * *
You hit the orc priest.
The orc priest is severely wounded.
The orc priest calls down the wrath of Beogh upon you.
Beogh smites you!
You die...

.#.PPPPPPP.##.#.........###.
#. ......##.##....<..## #.
## ##......#.###.....## #.
####.#.#.# ##...## ##
#.#.#.# ##+## # #.#.#.# #
#.....# # ###.### # #@# #
#o# # #.# # #.. # ### . #


You could see an orc priest.

Vanquished Creatures
  2 scorpions
  An orc priest (D:4)
  2 orc wizards
  Robin (D:3)
  A gnoll (D:1)
  10 adders
  5 worms
  A dart slug (D:1)
  8 orcs
  4 endoplasms
  14 giant cockroaches
  9 hobgoblins
  4 jackals (D:2)
  3 kobolds
  3 quokkas
  7 ball pythons
  3 bats
  2 frilled lizards (D:1)
  13 goblins
  11 rats
104 creatures vanquished.

Notes
Turn   | Place    | Note
-------+----------+-------------------------------------------
     0 | D:1      | concernfroge the Mummy Monk began the quest for the Orb.
     0 | D:1      | Reached XP level 1. HP: 18/18 MP: 1/1
   169 | D:1      | Reached XP level 2. HP: 24/24 MP: 2/2
   458 | D:1      | Reached skill level 4 in Fighting
   458 | D:1      | Gained mutation: You are in touch with the powers of death.
                  | [Mummy growth]
   458 | D:1      | Reached XP level 3. HP: 5/30 MP: 3/3
   720 | D:1      | You fall into a shaft and drop 1 floor!
  1139 | D:1      | Found a faded altar of an unknown god.
  1538 | D:2      | Reached skill level 5 in Fighting
  1538 | D:2      | Reached XP level 4. HP: 34/39 MP: 4/4
  2262 | D:3      | Reached XP level 5. HP: 41/46 MP: 5/5
  2513 | D:3      | Noticed Robin
  2615 | D:4      | Reached skill level 6 in Fighting
  2743 | D:3      | Killed Robin
  3053 | D:3      | Found an ornate altar of the Wu Jian Council.
  3088 | D:3      | Found Lituph's Jewellery Shop.
  3270 | D:3      | Reached XP level 6. HP: 43/53 MP: 6/6
  3420 | D:3      | Reached skill level 7 in Fighting
  4138 | D:4      | Killed from afar by an orc priest

Illustrated notes

Levels and vault maps discovered:
D:1:      giann_horns, layout_basic, chequers_ecumenical_altar_simple,
          chequers_serial_rivers_room_b, hex_intersection, minmay_tetromino_l2
D:2:      layout_basic
D:3:      minmay_roachtagon, layout_loops_ring, mainiacjoe_overflow_catwalk,
          serial_shops, nicolae_shop_window_shopping, kennysheep_generic_room_3,
          uniq_robin
D:4:      minmay_bubble_buster, layout_loops_corners,
          mainiacjoe_overflow_cross_hatched, uniq_pikel

Skill      XL: |  1  2  3  4  5  6 |
---------------+-------------------+-----
Fighting       | 4 5 6 7 |  7.6
Polearms       | |  2.4
Dodging        | |  2.4
Stealth        | |  1.5

Action                   |  1- 3 |  4- 6 || total
-------------------------+-------+-------++-------
Melee: Spear             |   156 |    20 ||   176
       Punch             |     2 |     1 ||     3
       War axe           |       |   217 ||   217
  Use: Scroll            |       |     9 ||     9
 Stab: Sleeping          |       |     5 ||     5
Armor: Robe              |     2 |       ||     2
       Leather armour    |    17 |    42 ||    59
       Scale mail        |       |    58 ||    58
Dodge: Dodged            |    66 |   131 ||   197
